 Dungeon Crawl Stone Soup version 0.28.0 (webtiles) character file.

Game seed: 12487823170946075487

394 Gabide the Grasshopper (level 6, 0/50 HPs)
             Began as a Demigod Warper on Feb 17, 2022.
             Slain by a two-headed ogre (14 damage)
             ... on level 4 of the Dungeon.
             The game lasted 00:10:51 (7189 turns).

Gabide the Grasshopper (Demigod Warper)             Turns: 7189, Time: 00:10:53

Health: 0/50       AC: 14    Str: 16    XL:     6   Next: 26%
Magic:  10/12      EV: 13    Int: 19    God:
Gold:   154        SH:  0    Dex: 19    Spells: 5/10 levels left

rFire   . . .      SeeInvis .   n - +0 flail (protect)
rCold   . . .      Faith    .   (no shield)
rNeg    . . .      Spirit   .   b - +0 leather armour
rPois   +          Reflect  .   p - +0 hat
rElec   .          Harm     .   e - +2 cloak {rPois}
rCorr   .          Rampage  .   f - +0 pair of gloves
Will    .....                   (no boots)
Stlth   +.........              (no amulet)
HPRegen 0.16/turn               c - +6 ring of dexterity
MPRegen 0.13/turn               o - ring of poison resistance

@: under a protective aura
A: high MP 1, forlorn, divine attributes
a: no special abilities


You were on level 4 of the Dungeon.
You visited 1 branch of the dungeon, and saw 4 of its levels.

You collected 154 gold pieces.

Inventory:

Hand Weapons
 n - a +0 flail of protection (weapon)
Armour
 b - a +0 leather armour (worn)
 e - a +2 cloak of poison resistance (worn)
 f - a +0 pair of gloves (worn)
 p - a +0 hat (worn)
Jewellery
 c - a +6 ring of dexterity (left hand)
 o - a ring of poison resistance (right hand)
Wands
 a - a wand of flame (19) (quivered)
 j - a wand of polymorph (7)
Scrolls
 h - 2 scrolls of enchant armour
 l - a scroll of fear
Potions
 d - 2 potions of curing {unknown}
 g - a potion of cancellation {unknown}
 i - 2 potions of ambrosia
 m - a potion of brilliance {unknown}


   Skills:
 * Level 2.8 Fighting
 + Level 3.0 Maces & Flails
 - Level 0.8 Throwing
 + Level 2.1 Armour
 * Level 3.0 Dodging
 + Level 0.3 Unarmed Combat
 * Level 2.6 Spellcasting
 * Level 4.1 Translocations


You had 5 spell levels left.
You knew the following spells:

 Your Spells              Type           Power      Damage    Failure   Level
a - Blink                 Tloc           36%        N/A       5%          2
b - Teleport Other        Tloc           18%        N/A       11%         3

Your spell library contained the following spells:

 Spells                   Type           Power      Damage    Failure   Level
 Gell's Gravitas          Tloc           18%        N/A       11%         3
 Lesser Beckoning         Tloc           18%        N/A       11%         3
 Ensorcelled Hibernation  Hex/Ice        4%         N/A       30%         2
 Ozocubu's Armour         Ice            2%         N/A       52%         3
 Spider Form              Tmut/Pois      2%         N/A       52%         3
 Manifold Assault         Tloc           18%        N/A       69%         5
 Anguish                  Hex/Necr       1%         N/A       89%         4
 Ozocubu's Refrigeration  Ice            1%         4d5       100%        7


Dungeon Overview and Level Annotations

Branches:
Dungeon (4/15)
 Temple: D:4-7

Shops:
D:1 [


Innate Abilities, Weirdness & Mutations

You have an increased reservoir of magic. (+10% MP)
You shall have no god before yourself.
Your divine heritage dramatically boosts your attributes as you level up.


Message History

Unknown command.
Unknown command.
Unknown command.
The puff of flame hits the two-headed ogre.
The two-headed ogre is lightly wounded.
The two-headed ogre shouts in stereo!
An orc comes into view. It is wielding a +0 flail.
The puff of flame hits the two-headed ogre.
The two-headed ogre is lightly wounded.
The orc shouts!
You hear a shout! x2
An orc comes into view. It is wielding a +0 falchion.
An orc comes into view. It is wielding a +0 hand axe.
The puff of flame hits the two-headed ogre.
The two-headed ogre is moderately wounded.
The puff of flame hits the two-headed ogre!
The two-headed ogre is heavily wounded.
The puff of flame hits the two-headed ogre but does no damage.
The two-headed ogre is moderately wounded.
Sorry, you're not good enough to have a special ability.
Casting: Blink (safe; 5% risk of failure)
Confirm with . or Enter, or press ? or * to list all spells.
You blink.
The puff of flame hits the two-headed ogre!
The two-headed ogre is heavily wounded.
You hit the two-headed ogre.
Your weapon exudes an aura of protection.
The two-headed ogre is severely wounded.
The two-headed ogre hits you with a +0 giant club!
The two-headed ogre closely misses you.
You hit the two-headed ogre but do no damage.
The two-headed ogre is severely wounded.
The two-headed ogre closely misses you.
The two-headed ogre hits you with a +0 giant spiked club!
You hit the two-headed ogre.
The two-headed ogre is severely wounded.
You feel stable enough to blink again.
The two-headed ogre hits you with a +0 giant club!
* * * LOW HITPOINT WARNING * * *
The two-headed ogre hits you with a +0 giant spiked club!
You die...

# ##. ## #.#
#. ##
#..###.## ..
##.#.#... ..
#...#..## .#
#...#o..## .#
#.#...Ooo..#
.#
#.#..@####...
.# #.#..##
##o. .#
#.#.## . .#
#.#.# .#
#.#.# .#
#.#.## .#
#.)..# .#
#....## .#
#.....#


You could see a two-headed ogre and 3 orcs.

Vanquished Creatures
  A scorpion (D:4)
  A water moccasin skeleton (D:4)
  2 orc priests
  An iguana (D:3)
  Ijyb (D:3)
  A howler monkey zombie (D:4)
  6 gnolls
  5 adders
  A dart slug (D:1)
  8 orcs
  7 ball pythons
  2 bats
  A bat skeleton (D:2)
  5 endoplasms
  4 giant cockroaches
  4 hobgoblins
  2 kobolds
  2 quokkas
  A ball python zombie (D:2)
  A frilled lizard (D:1)
  3 goblins
  A quokka zombie (D:2)
  6 rats
66 creatures vanquished.

Notes
Turn   | Place    | Note
-------+----------+-------------------------------------------
     0 | D:1      | Gabide the Demigod Warper began the quest for the Orb.
     0 | D:1      | Reached XP level 1. HP: 17/17 MP: 5/5
   144 | D:1      | Reached skill level 3 in Translocations
   509 | D:1      | Reached XP level 2. HP: 20/24 MP: 7/7
   514 | D:1      | Reached skill level 1 in Armour
  1283 | D:1      | Found Liuwnewu's Antique Armour Emporium.
  1650 | D:2      | Reached XP level 3. HP: 29/29 MP: 8/8
  3291 | D:2      | Learned a level 2 spell: Blink
  3295 | D:2      | Learned a level 3 spell: Teleport Other
  3571 | D:3      | Reached XP level 4. HP: 36/36 MP: 9/9
  4373 | D:3      | Noticed a +0 dagger
  4373 | D:3      | Noticed a +0 spear
  4397 | D:3      | Noticed a +0 short sword
  4398 | D:3      | Noticed a +0 spear
  4398 | D:3      | Noticed a +0 short sword
  4398 | D:3      | Noticed a +0 dagger
  4398 | D:3      | Noticed a +0 falchion
  4400 | D:3      | Noticed a +0 falchion
  4466 | D:3      | Noticed Ijyb
  5278 | D:3      | Killed Ijyb
  5279 | D:3      | Reached XP level 5. HP: 35/42 MP: 11/11
  6630 | D:4      | Reached skill level 4 in Translocations
  6646 | D:4      | Reached XP level 6. HP: 30/50 MP: 12/12
  7179 | D:4      | Noticed a two-headed ogre
  7189 | D:4      | Slain by a two-headed ogre

Illustrated notes

Levels and vault maps discovered:
D:1:      matt_arrival_refuge, layout_basic, serial_shops, shop
D:2:      layout_loops_corners, basic_ecumenical_altar, serial_undead,
          serial_undead_c, serial_undead_c, serial_undead_d, serial_undead_b
D:3:      layout_loops_ring, fedhas_ov_isle_minmay, nicolae_uskayaw_en_pointe,
          uniq_ijyb
D:4:      layout_loops_ring, minmay_manual_moon, uniq_sigmund

Skill      XL: |  1  2  3  4  5  6 |
---------------+-------------------+-----
Translocations | 3 4 |  4.1
Armour         | 1 2 |  2.1
Dodging        | 2 3 |  3.0
Spellcasting   | 2 |  2.6
Fighting       | 2 |  2.8
Maces & Flails | 2 3 |  3.0
Throwing       | |  0.8
Unarmed Combat | |  0.3

Action                   |  1- 3 |  4- 6 || total
-------------------------+-------+-------++-------
Melee: Mace              |   120 |   100 ||   220
       Punch             |     1 |     4 ||     5
       Unarmed           |       |    34 ||    34
       Flail             |       |    74 ||    74
Throw: Boomerang         |     5 |     2 ||     7
       Throwing net      |     1 |     1 ||     2
 Cast: Blink             |       |     4 ||     4
Evoke: Wand              |       |     6 ||     6
  Use: Scroll            |     5 |     6 ||    11
 Stab: Held in net/web   |     1 |       ||     1
       Sleeping          |       |     1 ||     1
Armor: Leather armour    |    61 |    53 ||   114
       Skin              |       |    19 ||    19
Dodge: Dodged            |   109 |   117 ||   226
